 Dungeon Crawl Stone Soup version 0.19-a0-1697-g0595f0e (webtiles) character file.

479 GrosslyIncandescent the Insei (level 6, -2/47 HPs)
             Began as a Mummy Monk on Sept 26, 2016.
             Slain by a gnoll (5 damage)
             ... on level 4 of the Dungeon.
             The game lasted 00:10:56 (5845 turns).

GrosslyIncandescent the Insei (Mummy Monk)          Turns: 5845, Time: 00:10:57

Health: -2/47      AC:  4    Str: 14    XL:     6   Next: 86%
Magic:  6/6        EV: 15    Int:  9    God:
Gold:   229        SH:  0    Dex: 17    Spells: 0 memorised, 5 levels left

rFire  x . .     SeeInvis .       - Unarmed
rCold  + . .     Gourm    .     (no armour)
rNeg   + + +     Faith    .     (no shield)
rPois  ∞         Spirit   .     l - +0 helmet
rElec  .         Dismiss  .     e - +0 cloak
rCorr  +         Reflect  .     (no gloves)
MR     .....     Harm     .     j - +0 pair of boots
Stlth  ++........               (no amulet)
                                d - ring of resist corrosion
                                (no ring)

@: no status effects
A: no food or potions, fire vulnerability, cold resistance 1, negative energy
resistance 3, torment resistance, unbreathing
a: no special abilities


You were on level 4 of the Dungeon.
You were not hungry.

You visited 1 branch of the dungeon, and saw 4 of its levels.

You collected 229 gold pieces.


Innate Abilities, Weirdness & Mutations

You do not eat or drink.
Your flesh is vulnerable to fire.
You are immune to poison.
Your flesh is cold resistant. (rC+)
You are immune to negative energy. (rN+++)
You are immune to unholy pain and torment.
You can survive without breathing.


   Skills:
 - Level 3.0 Fighting
 - Level 4.4 Dodging
 - Level 1.5 Stealth
 + Level 5.3 Unarmed Combat


You had 5 spell levels left.
You didn't know any spells.

Inventory:

Armour
 b - a +0 shield
 e - a +0 cloak (worn)
 j - a +0 pair of boots (worn)
 l - a +0 helmet (worn)
 o - a +0 buckler
Jewellery
 d - a ring of resist corrosion (right hand)
 i - an uncursed amulet of faith {unknown}
Scrolls
 a - 4 scrolls of identify {unknown}
 c - a scroll of immolation {unknown}
 f - 3 scrolls of enchant armour {unknown}
 g - 4 scrolls of remove curse {unknown}
 h - a scroll of blinking {unknown}
 k - a scroll of amnesia {unknown}
 m - a scroll of fog {unknown}
 n - 2 scrolls of random uselessness {unknown}

Dungeon Overview and Level Annotations

Branches:
Dungeon (4/15)
 Temple: D:4-7

Altars:
The Shining One

Annotations:
D:3 Sigmund
D:4 exclusions: orc, orc priest and orc wizard

........▒▒▒▒▒▒▒▒....▒▒...▒▒......
........▒......▒.........▒.......
.................).......▒......!
................▒...▒▒...▒▒......
...............▒▒...▒▒▒▒'▒▒......
...............▒▒)..▒▒...▒▒......
▒▒▒▒▒▒▒▒▒......▒▒....▒...........
.......▒▒......▒▒g...▒...........
...............▒Mh..▒▒...▒▒......
...............▒....▒▒...▒▒▒▒▒▒▒▒
...............g.........▒▒......
...............▒▒'▒▒▒▒...........
.......▒▒......▒▒...▒▒...........
.......▒▒......▒▒...▒▒...▒.......
.......▒▒...........▒▒▒▒▒▒.......
......g..............▒ ▒.▒▒▒▒▒▒
.....................▒ ▒▒▒


You could see a howler monkey and 2 gnolls.


Message History

The gnoll closely misses you!
You barely miss the gnoll!
The gnoll is heavily wounded!
The howler monkey hoots and howls with incredible vigour!!!
The gnoll closely misses you!
You pummel the gnoll like a punching bag!
The gnoll is severely wounded!
The howler monkey closely misses you! The gnoll barely misses you!
You beat the gnoll but do no damage!
The gnoll is severely wounded!
The howler monkey barely misses you! The gnoll closely misses you!
You pummel the gnoll but do no damage!
The gnoll is severely wounded!
The howler monkey hits you but does no damage!
You barely miss the gnoll!
The gnoll is severely wounded!
The gnoll barely misses you!
The howler monkey hits you! * * * don't die
* * * The gnoll hits you from afar with an enchanted spear! * * * don't die
* * * You closely miss the gnoll!
The gnoll is severely wounded!
The howler monkey closely misses you! The gnoll hits you! * * * don't die
* * * The howler monkey hits you! * * * don't die
* * * The gnoll hits you from afar with an enchanted spear!!! * * * don't die
* * * The gnoll hits you! rip

Action                   |  1- 3 |  4- 6 || total
-------------------------+-------+-------++-------
Melee: Unarmed           |   139 |   320 ||   459
       Punch             |       |     6 ||     6
 Stab: Sleeping          |     2 |     3 ||     5
       Distracted        |     1 |     1 ||     2
Armor: Skin              |    21 |    42 ||    63
Dodge: Dodged            |    85 |   201 ||   286

Vault maps used:
D:1:      arrival_zaba_pyramid, roderic_cross_of_infinity, minivault_24,
          moated_statue
D:2:      lemuel_crystal_altar, ecumenical_altar_2, kennysheep_generic_room_6,
          uniq_robin
D:3:      uniq_sigmund
D:4:      kennysheep_mini_moat, first_bread, uniq_edmund

Notes
Turn   | Place    | Note
-------+----------+-------------------------------------------
     0 | D:1      | GrosslyIncandescent the Mummy Monk began the quest for the Orb.
     0 | D:1      | Reached XP level 1. HP: 18/18 MP: 1/1
   153 | D:1      | Reached XP level 2. HP: 22/24 MP: 2/2
   234 | D:1      | Reached skill level 3 in Unarmed Combat
   910 | D:1      | Reached XP level 3. HP: 23/29 MP: 3/3
  1078 | D:1      | You fall through a shaft!
  1334 | D:2      | Reached skill level 4 in Unarmed Combat
  1554 | D:2      | Reached XP level 4. HP: 22/35 MP: 4/4
  1748 | D:2      | Found a faded altar of an unknown god.
  2035 | D:2      | Found a glowing golden altar of the Shining One.
  2046 | D:2      | Noticed Robin
  2523 | D:2      | Killed Robin
  2856 | D:2      | Reached XP level 5. HP: 41/41 MP: 5/5
  3786 | D:3      | Reached skill level 3 in Dodging
  3937 | D:3      | Noticed Sigmund
  4334 | D:4      | Noticed an ogre
  4346 | D:4      | Noticed Duffy's ghost (weakling OpWz)
  4459 | D:3      | Reached XP level 6. HP: 40/47 MP: 6/6
  4685 | D:2      | Reached skill level 4 in Dodging
  4730 | D:4      | HP: 2/47 [Duffy's ghost/magic dart (7)]
  5039 | D:4      | Killed Duffy's ghost
  5309 | D:4      | Reached skill level 5 in Unarmed Combat
  5345 | D:4      | Noticed Edmund
  5844 | D:4      | HP: 3/47 [gnoll/enchanted spear (9)]
  5845 | D:4      | Slain by a gnoll

Vanquished Creatures
  An ogre (D:2)
  A bullfrog zombie (D:3)
  3 hounds
  A worker ant (D:4)
  Robin (D:2)
  7 gnolls
  8 adders
  A worm (D:2)
  2 dart slugs (D:1)
  The ghost of Duffy the Magician, a weakling OpWz (D:4)
  4 leopard geckos
  2 orcs (D:3)
  8 bats
  6 giant cockroaches
  12 goblins
  10 hobgoblins
  8 jackals
  A ball python (D:1)
  7 frilled lizards
  9 kobolds
  8 rats
101 creatures vanquished.
